 Dungeon Crawl Stone Soup version 0.31.0-12-g77e489cdc1 (webtiles) character file.

Game seed: 7806944779425221172

854 lordive the Ruffian (level 7, 0/53 HPs)
             Began as a Black Draconian Shapeshifter on Mar 2, 2024.
             Was a Follower of Okawaru.
             Slain by an orc warrior
             ... wielding a +0 great sword
              (16 damage)
             ... on level 5 of the Dungeon.
             The game lasted 00:06:58 (3783 turns).

lordive the Ruffian (Black Draconian Shapeshifter)  Turns: 3783, Time: 00:06:59

Health: 0/53       AC:  6    Str: 16    XL:     7   Next: 70%
Magic:  7/7        EV: 12    Int: 12    God:    Okawaru [*.....]
Gold:   266        SH:  5    Dex: 11    Spells: 6/6 levels left

rFire   . .          .
                       - Unarmed
rCold   . . .        (no shield)
rNeg    . . .        (body armour unavailable)
rPois   +            (helmet currently unavailable)
rElec   +            (cloak currently unavailable)
rCorr   .            (gloves currently unavailable)
SInv    .            (boots currently unavailable)
Will    .....        q - amulet of reflection
Stlth   +            h - ring of flight
HPRegen 0.28/turn    l - ring of poison resistance
MPRegen 0.10/turn

%: reflection
@: beast-form, flying
A: beast (slay +3), breathe lightning, AC +6, unfitting armour, electricity
resistance, cold-blooded
a: Breathe Lightning, Begin Untransformation, Renounce Religion, Heroism


You were on level 5 of the Dungeon.
You worshipped Okawaru.
Okawaru was aware of your devotion.
You were a hulking beast.
You visited 2 branches of the dungeon, and saw 6 of its levels.

You collected 266 gold pieces.

Inventory:

Armour
 m - a +0 pair of gloves
Jewellery
 h - a ring of flight (left hand)
 l - a ring of poison resistance (right hand)
 q - an amulet of reflection (around neck)
 w - a ring of ice
Talismans
 b - a beast talisman
 c - a flux talisman
Scrolls
 d - 4 scrolls of enchant armour {unknown}
 e - 9 scrolls of identify {unknown}
 f - a scroll of immolation {unknown}
 g - 2 scrolls of enchant weapon {unknown}
 i - 2 scrolls of revelation {unknown}
 n - a scroll of silence {unknown}
 t - a scroll of blinking {unknown}
 u - a scroll of fear {unknown}
 x - a scroll of poison {unknown}
Potions
 a - a potion of lignification
 j - 3 potions of haste {unknown}
 k - 2 potions of brilliance {unknown}
 o - a potion of might {unknown}
 p - 3 potions of attraction {unknown}
 r - a potion of mutation {unknown}
 s - 5 potions of heal wounds {unknown}
 v - a potion of curing {unknown}
 z - a potion of degeneration {unknown}


   Skills:
 + Level 1.9 Fighting
 + Level 3.6 Dodging
 + Level 1.7 Shields
 + Level 6.5 Unarmed Combat
 * Level 5.2 Shapeshifting


You had 6 spell levels left.
You didn't know any spells.
Your spell library contained the following spells:

 Spells                   Type           Power      Damage    Failure   Level
 Scorch                   Fire           0%         2d5       45%         2
 Flame Wave               Conj/Fire      0%         2d4       97%         4
 Summon Cactus Giant      Summ           Unusable   N/A       N/A         6

Dungeon Overview and Level Annotations

Branches:
Dungeon (5/15)             Temple (1/1) D:4

Altars:
Fedhas
Gozag
Hepliaklqana
Kikubaaqudgha
Makhleb
Nemelex Xobeh
Okawaru
Qazlal
Vehumet
Wu Jian
Xom
Yredelemnul
Zin
The Shining One

Shops:
D:4 !


Innate Abilities, Weirdness & Mutations

You are a hulking beast.
Your limbs bulge with bestial killing power. (Slay +3)
You can breathe wild blasts of lightning.
Your glossy black scales are hard. (AC +6)
You cannot fit into any form of body armour.
You are resistant to electric shocks. (rElec)
You are cold-blooded and may be slowed by cold attacks.


Message History

HP restored.
An orc warrior comes into view. It is wielding a +0 great sword.
The orc warrior shouts!
You hear a shout!
An orc warrior is nearby!
An orc warrior is nearby!
An orc warrior is nearby!
A gnoll sergeant comes into view. It is wielding a +0 trident.
The gnoll sergeant shouts!
You hear a shout! x2
An orc warrior and a gnoll sergeant come into view.
The orc warrior shouts!
The gnoll sergeant shouts!
The gnoll sergeant moves out of view.
You see here a scroll labelled ALIEFO RISE.
The orc warrior hits you with a +0 great sword!
You hit the orc warrior.
The orc warrior is lightly wounded.
You hit the orc warrior.
The orc warrior is moderately wounded.
The gnoll sergeant misses you.
The orc warrior hits you with a +0 great sword.
You closely miss the orc warrior.
The orc warrior is moderately wounded.
The gnoll sergeant hits you from afar with a +0 trident.
You block the orc warrior's attack.
You closely miss the orc warrior.
You tail-slap the orc warrior, but do no damage.
The orc warrior is moderately wounded.
The gnoll sergeant hits you from afar with a +0 trident!
The orc warrior hits you but does no damage.
You see here a scroll labelled ALIEFO RISE.
You block the orc warrior's attack.
The gnoll sergeant attacks as it pursues you!
The gnoll sergeant hits you from afar with a +0 trident.
* * * LOW HITPOINT WARNING * * *
The gnoll sergeant attacks as it pursues you!
You block the gnoll sergeant's attack.
The orc warrior attacks as it pursues you!
You block the orc warrior's attack.
The orc warrior attacks as it pursues you!
The orc warrior hits you with a +0 great sword!
You die...

######### ##
........# #.# .
........##..##..
.................
#................
#.............##
..... #.<......#
.....##.h......#
....>...o...#.##
##......o...###
..##...gg.....#
.......?......#
..............#
##.###.......##
#. #..###.... #
#..#)#....


You could see 2 orc warriors and 2 gnoll sergeants.

Vanquished Creatures
  Eustachio (D:4)
  An ogre (D:4)
  A phantom (D:4)
  A wight (D:4)
  4 crimson imps (D:4)
  A hound (D:4)
  2 sleepcaps (D:4)
  Jessica (D:2)
  4 gnolls (D:4)
  10 adders
  2 dart slugs
  4 ribbon worms
  6 orcs (D:4)
  8 endoplasms
  3 giant cockroaches
  7 goblins
  13 hobgoblins
  11 jackals
  5 kobolds
  6 quokkas
  14 ball pythons
  5 bats
  3 frilled lizards (D:1)
  3 rats
116 creatures vanquished.

Notes
Turn   | Place    | Note
-------+----------+-------------------------------------------
     0 | D:1      | lordive the Draconian Shapeshifter began the quest for the
                  | Orb.
     0 | D:1      | Reached XP level 1. HP: 16/16 MP: 1/1
   101 | D:1      | Reached XP level 2. HP: 22/23 MP: 2/2
   441 | D:2      | Reached XP level 3. HP: 25/28 MP: 3/3
   923 | D:2      | Noticed Jessica
   933 | D:2      | Killed Jessica
   934 | D:2      | Reached XP level 4. HP: 35/35 MP: 4/4
  1161 | D:3      | Found a glowing silver altar of Zin.
  1435 | D:3      | Reached skill level 4 in Unarmed Combat
  1507 | D:3      | Found an iron altar of Okawaru.
  1507 | D:3      | Found a blossoming altar of Fedhas.
  1566 | D:3      | Reached XP level 5. HP: 40/40 MP: 5/5
  2243 | D:4      | Found a staircase to the Ecumenical Temple.
  2327 | Temple   | Entered the Ecumenical Temple
  2499 | D:3      | Became a worshipper of Warmaster Okawaru
  2615 | D:4      | Noticed a phantom
  2633 | D:4      | Killed a phantom
  2634 | D:4      | Reached skill level 5 in Unarmed Combat
  2634 | D:4      | Reached XP level 6. HP: 28/47 MP: 6/6
  2728 | D:4      | Found Fynuonaost's Distillery.
  2735 | D:4      | Reached skill level 1 in Shields
  3126 | D:4      | Found an ornate altar of the Wu Jian Council.
  3204 | D:4      | Your scales start taking on a glossy black colour.
  3204 | D:4      | Reached XP level 7. HP: 52/52 MP: 7/7
  3204 | D:4      | Gained mutation: You are resistant to electric shocks.
                  | (rElec) [Black Draconian growth]
  3213 | D:4      | Found a shimmering altar of Xom.
  3295 | D:4      | Reached skill level 5 in Shapeshifting
  3301 | D:4      | Reached * piety under Okawaru
  3302 | D:4      | Reached skill level 6 in Unarmed Combat
  3338 | D:5      | Entered Level 5 of the Dungeon
  3338 | D:5      | Noticed Eustachio
  3588 | D:4      | HP: 2/51 [Eustachio/+0 rapier (6)]
  3591 | D:4      | Killed Eustachio
  3783 | D:5      | Slain by an orc warrior

Illustrated notes

Levels and vault maps discovered:
D:1:      zelgadis_glass_arrival_small, layout_rooms
D:2:      layout_loops_ring, guppyfry_early_lair_pool, uniq_jessica
D:3:      minmay_door_path, layout_loops_ring,
          mainiacjoe_overflow_six_doors_small,
          chequers_temple_overflow_statue_of_worship, minmay_snake_closets
D:4:      layout_basic, nzn_wu_jian_council_hall, led_xom_imps,
          minmay_temple_entry_overgrown, serial_shops, shop
D:5:      layout_cave_pools, mainiacjoe_overflow_alcove_2, blue_anna_alchemist,
          sword_in_stone, uniq_eustachio
Temple:   compressed_dpeg_triangle_lava_temple

Skill      XL: |  1  2  3  4  5  6  7 |
---------------+----------------------+-----
Dodging        | 2 3 |  3.6
Shapeshifting  | 4 5 |  5.2
Unarmed Combat | 4 5 6 |  6.5
Shields        | 1 |  1.7
Fighting       | |  1.9

Action                     |  1- 3 |  4- 6 |  7- 9 || total
---------------------------+-------+-------+-------++-------
  Melee: Unarmed           |   123 |   203 |    73 ||   399
         Tailslap          |    13 |    29 |    11 ||    53
         Punch             |       |     5 |     3 ||     8
   Stab: Sleeping          |     2 |     4 |       ||     6
 Armour: Skin              |    52 |    78 |    56 ||   186
  Dodge: Dodged            |    75 |    97 |    59 ||   231
  Block: Other             |     3 |    38 |    25 ||    66
         Reflection        |       |       |     1 ||     1
